Map: Alcyone LE

Players

Elazer

  • Race: Zerg Zerg
  • Spawn Location: 1:00

SKillous - Winner!

  • Race: Protoss Protoss
  • Spawn Location: 7:00

Event: ESL Spring 2024 Finals

VOD

Have the link to the VOD?

Description

Time

  • Played on: May 31, 2024, 12:57 p.m.
  • Length: 8:35

All games in this series

Show
View Real Time Build Order
Export as new Build Order

Elazer Zerg 

Build Orders: Hatch First 

Get SALT Encoding   

  12  0:00  Drone  
  13  0:12  Overlord  
  13  0:16  Drone  
  14  0:30  Drone x2  
  16  0:47  Hatchery  
  15  0:51  Drone  
  15  0:55  Drone  
  17  0:58  Drone  
  18  1:09  Extractor  
  17  1:15  Spawning Pool  
  17  1:18  Drone  
  17  1:20  Drone  
  18  1:27  Drone  
  19  1:38  Drone  
  20  1:49  Overlord  
  20  2:00  Drone  
  21  2:01  Queen x2  
  21  2:02  Zergling x2  
  26  2:10  Drone  
  26  2:11  Zergling x2  
  26  2:12  Metabolic Boost  
  28  2:21  Drone, Zergling x2  
  30  2:31  Drone  
  30  2:32  Drone  
  32  2:37  Queen  
  32  2:43  Drone  
  32  2:44  Overlord  
  35  2:52  Hatchery  
  35  2:58  Queen  
  36  3:05  Drone x2  
  36  3:10  Drone  
  36  3:11  Overlord  
  39  3:17  Queen  
  41  3:20  Drone x3  
  41  3:26  Overlord  
  44  3:30  Drone x2  
  44  3:33  Drone  
  47  3:35  Queen  
  47  3:39  Overlord  
  49  3:41  Drone  
  49  3:43  Drone  
  49  3:46  Drone  
  52  3:54  Spore Crawler  
  51  3:57  Spore Crawler  
  51  3:58  Drone x5  
  51  4:00  Drone  
  56  4:05  Drone  
  56  4:09  Drone  
  58  4:10  Drone x3  
  58  4:13  Overlord  
  58  4:15  Drone x2  
  58  4:16  Drone  
  64  4:19  Drone  
  64  4:23  Drone, Overlord  
  66  4:29  Lair  
  66  4:33  Overlord  
  66  4:35  Zergling x4  
  67  4:39  Zergling x4  
  67  4:40  Zergling x4  
  67  4:45  Hatchery  
  70  4:46  Drone  
  70  4:48  Drone x3  
  70  4:51  Drone x2  
  76  4:55  Extractor  
  76  4:56  Drone, Extractor  
  76  4:58  Overlord  
  75  5:06  Extractor  
  77  5:07  Drone x3, Overlord, Extractor  
  77  5:12  Drone x8  
  84  5:15  Drone x3  
  84  5:18  Extractor  
  84  5:20  Drone  
  87  5:22  Overlord  
  86  5:34  Overlord  
  86  5:37  Zergling x8, Spire  
  86  5:38  Zergling x4  
  86  5:40  Spine Crawler x2  
  86  5:42  Spine Crawler  
  86  5:45  Zergling x10  
  90  5:50  Zergling x6  
  91  5:58  Zergling x8  
  91  6:02  Overlord  
  87  6:06  Zergling x6  
  79  6:15  Drone x3, Overlord  
  79  6:16  Drone x2  
  73  6:19  Drone x3  
  73  6:20  Drone  
  73  6:24  Drone  
  74  6:29  Drone x3  
  74  6:32  Drone x2  
  79  6:36  Drone  
  79  6:39  Overlord  
  80  6:53  Mutalisk  
  80  6:54  Mutalisk x4  
  79  6:56  Mutalisk  
  91  7:01  Mutalisk  
  91  7:03  Mutalisk  
  96  7:08  Zergling x6  
  96  7:11  Zergling x2  
  96  7:12  Zergling x10  
  96  7:13  Zergling x2  
  103  7:23  Zergling x18  
  111  7:31  Mutalisk x3  
  111  7:35  Mutalisk  
  112  7:41  Overlord  
  112  7:44  Zergling x16  
  111  7:52  Mutalisk x3  
  111  7:53  Zergling x2  
  111  7:54  Zergling x2  
  106  8:02  Mutalisk  
  102  8:07  Zergling x14  
  102  8:10  Mutalisk  
  102  8:14  Zergling x8  
  102  8:15  Zergling x6  
Show
View Real Time Build Order
Export as new Build Order

SKillous Protoss - Winner!

Build Orders: 1 Gate Expand, Oracle Opening 

Get SALT Encoding   

  12  0:00  Probe  
  13  0:12  Probe  
  14  0:20  Pylon  
  14  0:24  Probe  
  15  0:38  Probe (Chrono Boost)  
  15  0:39  Gateway  
  16  0:47  Probe (Chrono Boost)  
  16  0:49  Assimilator  
  17  0:52  Probe  
  18  1:04  Probe  
  19  1:17  Probe  
  20  1:25  Nexus  
  20  1:35  Cybernetics Core  
  20  1:39  Probe  
  21  1:47  Assimilator  
  21  1:52  Probe  
  21  1:54  Pylon  
  22  2:04  Probe  
  23  2:09  Adept (Chrono Boost)  
  25  2:16  Probe  
  25  2:18  Stargate  
  26  2:27  Warp Gate  
  26  2:29  Probe (Chrono Boost)  
  27  2:36  Stalker  
  29  2:37  Probe (Chrono Boost)  
  31  2:46  Probe (Chrono Boost)  
  31  2:47  Probe (Chrono Boost)  
  32  2:52  Probe x2 (Chrono Boost)  
  34  3:01  Oracle (Chrono Boost)  
  34  3:04  Probe  
  38  3:05  Probe  
  38  3:08  Pylon  
  39  3:16  Probe  
  39  3:17  Probe  
  39  3:18  Gateway  
  41  3:28  Probe  
  41  3:29  Oracle (Chrono Boost)  
  41  3:30  Probe  
  46  3:40  Probe  
  47  3:42  Probe  
  48  3:50  Gateway x2  
  48  3:52  Twilight Council  
  48  4:02  Nexus  
  48  4:05  Pylon  
  48  4:10  Probe x2  
  48  4:15  Adept x2  
  54  4:19  Pylon  
  54  4:23  Resonating Glaives (Chrono Boost), Probe x2  
  56  4:35  Adept x2, Probe x2  
  62  4:47  Probe x2  
  62  4:48  Adept x2  
  62  4:49  Pylon  
  68  4:55  Adept  
  70  5:04  Assimilator  
  70  5:06  Assimilator  
  70  5:09  Probe x2 (Chrono Boost)  
  70  5:10  Adept x3  
  78  5:14  Probe (Chrono Boost)  
  78  5:19  Adept  
  83  5:22  Forge, Probe x2 (Chrono Boost)  
  83  5:25  Probe (Chrono Boost)  
  86  5:29  Probe x2 (Chrono Boost)  
  86  5:30  Stalker  
  86  5:32  Probe (Chrono Boost)  
  86  5:34  Probe x2 (Chrono Boost)  
  89  5:41  Probe  
  92  5:44  Blink (Chrono Boost)  
  92  5:46  Probe  
  93  5:55  Gateway  
  93  5:58  Gateway  
  93  5:59  Probe x2  
  93  6:01  Probe  
  93  6:02  Gateway, Stalker  
  92  6:04  Pylon  
  92  6:06  Assimilator  
  92  6:10  Protoss Ground Weapons Level 1 (Chrono Boost)  
  90  6:11  Probe  
  90  6:12  Probe  
  90  6:15  Stalker x2  
  90  6:22  Stalker  
  82  6:27  Stalker  
  82  6:32  Probe x2  
  86  6:33  Assimilator  
  86  6:35  Shield Battery  
  86  6:39  Stalker x2  
  90  6:45  Robotics Facility  
  90  6:46  Pylon  
  90  6:48  Stalker  
  92  6:58  Stalker x4  
  92  7:00  Pylon  
  100  7:04  Stalker, Pylon  
  100  7:05  Stalker  
  100  7:07  Probe  
  105  7:20  Stalker  
  105  7:21  Stalker x4  
  115  7:24  Pylon  
  115  7:26  Pylon  
  115  7:28  Photon Cannon  
  115  7:30  Shield Battery  
  115  7:37  Stalker x2  
  115  7:40  Photon Cannon  
  115  7:42  Shield Battery  
  119  7:45  Stalker x4  
  126  7:57  Probe  
  119  7:58  Stalker  
  119  7:59  Probe  
  119  8:00  Stalker x2  
  119  8:02  Probe  
  123  8:14  Stalker x3  
  123  8:15  Stalker  
  129  8:24  Stalker x2  
  133  8:31  Pylon  
Tags
 
Add a new tag
Caveats
  • Supply blocks, unpowered buildings, or Contaminate may cause inaccurate times.
  • Supply counts are checked every 10 seconds.